 Dungeon Crawl Stone Soup version 0.24-a0-139-geb6712d (webtiles) character file.

Game seed: 0

712849 tilp the Petrodigitator (level 27, 0/190 HPs)
             Began as a Gargoyle Earth Elementalist on Mar 3, 2019.
             Was the Champion of Vehumet.
             Slain by a Killer Klown
             ... wielding a +11 club of flaming
              (1 damage)
             ... on level 4 of the Realm of Zot.
             The game lasted 06:38:41 (87848 turns).

tilp the Petrodigitator (GrEE)                     Turns: 87848, Time: 06:38:42

Health: 0/190      AC: 46    Str: 22    XL:     27
Magic:  6/42       EV: 20    Int: 39    God:    Vehumet [******]
Gold:   4593       SH:  6    Dex: 23    Spells: 3/66 levels left

rFire    + . .     SeeInvis +   a - +9 demon whip (flame)
rCold    + . .     Gourm    +   F - +0 buckler of Dice, Bag, and Bottle {rElec MR- rCorr Slay+5}
rNeg     + + .     Faith    .   y - +4 scale mail "Doumnex" {rF+ rC+ Dex+4}
rPois    ∞         Spirit   .   Q - +2 helmet {Int+3}
rElec    +         Reflect  .   c - +1 cloak of Articulation {rElec rC+ SInv}
rCorr    +         Harm     .   g - +2 pair of gloves {Dex+3}
MR       ++...                  n - +2 pair of boots
Stlth    +.........             t - amulet "Xuruil" {Gourm MR+ Int+4}
HPRegen  0.41/turn              d - ring of Plog {rC- rN+ Str+7 Dex+6}
MPRegen  0.28/turn              B - +6 ring of intelligence

@: about to teleport, flying, very slightly contaminated, slowed, studying
Crossbows, very slow
A: big wings, talons 1, repulsion field 1, low mp 1, negative energy resistance
1, screaming 1, electricity resistance, unbreathing, petrification resistance,
rot immunity, AC +20
}: 5/15 runes: decaying, slimy, silver, abyssal, gossamer
a: Stop Flying, Renounce Religion


You were on level 4 of the Realm of Zot.
You worshipped Vehumet.
Vehumet was exalted by your worship.
You were very full.

You visited 10 branches of the dungeon, and saw 53 of its levels.
You visited the Abyss 2 times.
You also visited: Trove, Gauntlet, Ice Cave and Volcano.

You collected 9413 gold pieces.
You spent 4820 gold pieces at shops.

Inventory:

Hand Weapons
 a - a +9 demon whip of flaming (weapon)
 x - the +6 arbalest "Damnation" {damnation}
   (You found it in a treasure trove)
Missiles
 l - 63 tomahawks (quivered)
 V - 3 throwing nets
Armour
 c - the +1 cloak of Articulation (worn) {rElec rC+ SInv}
   (You bought it in a shop on level 2 of the Orcish Mines)

   It protects you from cold.
   It insulates you from electricity.
   It lets you see invisible.
 g - a +2 pair of gloves of dexterity (worn)
 n - a +2 pair of boots (worn)
 y - the +4 scale mail "Doumnex" (worn) {rF+ rC+ Dex+4}
   (You bought it in a shop on level 2 of the Orcish Mines)

   It affects your dexterity (+4).
   It protects you from fire.
   It protects you from cold.
 F - the +0 buckler of Dice, Bag, and Bottle (worn) {rElec MR- rCorr Slay+5}
   (You acquired it on level 2 of the Orcish Mines)

   It affects your accuracy and damage with ranged weapons and melee attacks
   (+5).
   It insulates you from electricity.
   It affects your resistance to hostile enchantments.
   It provides partial protection from all sources of acid and corrosion.
 J - a +1 cloak of magic resistance
 Q - a +2 helmet of intelligence (worn)
Jewellery
 d - the ring of Plog (left hand) {rC- rN+ Str+7 Dex+6}
   (You found it on level 2 of the Depths)

   [ring of positive energy]

   It affects your strength (+7).
   It affects your dexterity (+6).
   It makes you vulnerable to cold.
   It protects you from negative energy.
 t - the amulet "Xuruil" (around neck) {Gourm MR+ Int+4}
   (You took it off a minotaur in a Gauntlet)

   [amulet of the gourmand]

   It allows you to eat raw meat even when not hungry.
   It affects your intelligence (+4).
   It affects your resistance to hostile enchantments.
 B - a +6 ring of intelligence (right hand)
 H - the ring "Efu Ruack" {rElec rF+ rC+ rN+}
   (You found it on level 5 of the Pits of Slime)

   [ring of protection from cold]

   It protects you from fire.
   It protects you from cold.
   It insulates you from electricity.
   It protects you from negative energy.
Wands
 q - a wand of acid (33)
 z - a wand of scattershot (15)
 L - a wand of clouds (7)
 S - a wand of paralysis (48)
 U - a wand of digging (25)
Scrolls
 e - 38 scrolls of remove curse
 k - 6 scrolls of blinking
 G - 4 scrolls of silence
 K - 9 scrolls of fog
 M - 9 scrolls of fear
 N - a scroll of brand weapon
 R - 3 scrolls of amnesia
 T - 7 scrolls of enchant armour
 W - 14 scrolls of teleportation
 X - 4 scrolls of magic mapping
 Y - 13 scrolls of identify
 Z - 2 scrolls of summoning
Potions
 f - 14 potions of curing
 j - 13 potions of might
 m - 7 potions of cancellation
 o - 7 potions of invisibility
 p - 3 potions of agility
 w - 10 potions of ambrosia
 A - 6 potions of berserk rage
 D - 5 potions of resistance
 E - 2 potions of heal wounds
 I - 8 potions of brilliance
 O - 5 potions of mutation
 P - 9 potions of haste
Books
 C - a manual of Crossbows
Miscellaneous
 h - 5 phantom mirrors
 i - 4 sacks of spiders
 r - a fan of gales
 s - 3 boxes of beasts
 v - a lamp of fire
Comestibles
 b - 88 rations
 u - 5 chunks of flesh


   Skills:
 + Level 24.2 Fighting
 - Level 12.0 Maces & Flails
 - Level 10.0 Armour
 - Level 10.0 Dodging
 - Level 2.1 Stealth
 - Level 5.6 Shields
 - Level 20.0 Spellcasting
 - Level 24.0 Conjurations
 - Level 4.0 Hexes
 - Level 2.0 Transmutations
 - Level 4.0 Air Magic
 O Level 27 Earth Magic
 - Level 12.0 Evocations


You had 3 spell levels left.
You knew the following spells:

 Your Spells              Type           Power        Failure   Level  Hunger
a - Borgnjor's Vile Clut  Necr/Erth      #######...   1%          5    None
b - Passwall              Tmut/Erth      ########     0%          2    None
c - Silence               Hex/Air        ######....   8%          5    None
d - Lee's Rapid Deconstr  Erth           ########..   0%          5    None
e - Summon Butterflies    Summ           #####...     1%          1    None
f - Irradiate             Conj/Tmut      #######...   1%          5    None
g - Apportation           Tloc           #####.       1%          1    None
h - Shatter               Erth           ########..   1%          9    #####..
i - Fireball              Conj/Fire      #######...   1%          5    None
j - Blink                 Tloc           N/A          2%          2    None
k - Bolt of Cold          Conj/Ice       #######...   1%          6    None
l - Lehudib's Crystal Sp  Conj/Erth      ########..   1%          8    ###....
m - Regeneration          Chrm/Necr      #####.....   4%          3    None
n - Iron Shot             Conj/Erth      ########..   0%          6    None

Your spell library contained the following spells:

 Spells                   Type           Power        Failure   Level  Hunger
 Ignition                 Fire           #####.....   100%        8    ###....
 Flame Tongue             Conj/Fire      #####        0%          1    None
 Magic Dart               Conj           ####         0%          1    None
 Sandblast                Erth           ######       0%          1    None
 Searing Ray              Conj           ######       0%          2    None
 Throw Flame              Conj/Fire      ######       0%          2    None
 Dazzling Spray           Conj/Hex       ######       0%          3    None
 Static Discharge         Conj/Air       #######.     0%          3    None
 Stone Arrow              Conj/Erth      ######       0%          3    None
 Animate Skeleton         Necr           N/A          1%          1    None
 Beastly Appendage        Tmut           ######       1%          1    None
 Confusing Touch          Hex            ######       1%          1    None
 Corona                   Hex            ######.      1%          1    None
 Infusion                 Chrm           ####         1%          1    None
 Summon Small Mammal      Summ           ####         1%          1    None
 Ensorcelled Hibernation  Hex/Ice        ######       1%          2    None
 Poisonous Vapours        Pois/Air       ######       1%          2    None
 Slow                     Hex            ######..     1%          2    None
 Sticks to Snakes         Tmut           ######..     1%          2    None
 Swiftness                Chrm/Air       ######..     1%          2    None
 Confuse                  Hex            ######..     1%          3    None
 Conjure Flame            Conj/Fire      #######.     1%          3    None
 Inner Flame              Hex/Fire       ######..     1%          3    None
 Mephitic Cloud           Conj/Pois/Air  #######.     1%          3    None
 Spectral Weapon          Hex/Chrm       ######..     1%          3    None
 Tukima's Dance           Hex            ######..     1%          3    None
 Call Imp                 Summ           #####...     2%          2    None
 Corpse Rot               Necr           N/A          2%          2    None
 Shroud of Golubria       Chrm/Tloc      #####.....   2%          2    None
 Song of Slaying          Chrm           #####...     2%          2    None
 Spider Form              Tmut/Pois      #####.....   3%          3    None
 Call Canine Familiar     Summ           #####...     4%          3    None
 Gell's Gravitas          Tloc           #####.....   4%          3    None
 Lesser Beckoning         Tloc           #####.....   4%          3    None
 Recall                   Summ/Tloc      N/A          4%          3    None
 Iskenderun's Mystic Bla  Conj           ########     0%          4    None
 Force Lance              Conj/Tloc      #######.     1%          4    None
 Fulminant Prism          Conj/Hex       #######...   1%          4    None
 Leda's Liquefaction      Hex/Erth       ########..   1%          4    None
 Petrify                  Tmut/Erth      ########     1%          4    None
 Sticky Flame             Conj/Fire      #######.     1%          4    None
 Bolt of Draining         Conj/Necr      #######...   1%          5    None
 Bolt of Magma            Conj/Fire/Erth ########..   1%          5    None
 Iskenderun's Battlesphe  Conj/Chrm      #######.     1%          5    None
 Lightning Bolt           Conj/Air       #######...   1%          5    None
 Venom Bolt               Conj/Pois      #######...   1%          5    None
 Conjure Ball Lightning   Conj/Air       #######...   1%          6    None
 Freezing Cloud           Conj/Ice/Air   #######...   1%          6    None
 Poison Arrow             Conj/Pois      #######...   1%          6    None
 Orb of Destruction       Conj           ########..   1%          7    None
 Spellforged Servitor     Conj/Summ      #######...   2%          7    None
 Yara's Violent Unravell  Hex/Tmut       ######....   3%          5    None
 Olgreb's Toxic Radiance  Pois           #####...     4%          4    None
 Summon Lightning Spire   Summ/Air       ######..     6%          4    None
 Chain Lightning          Conj/Air       #######...   9%          8    ###....
 Ice Form                 Ice/Tmut       #####...     10%         4    None
 Summon Ice Beast         Ice/Summ       #####...     14%         4    None
 Blade Hands              Tmut           ######....   19%         5    None
 Metabolic Englaciation   Hex/Ice        ######....   19%         5    None
 Summon Mana Viper        Hex/Summ       ######..     19%         5    None
 Alistair's Intoxication  Tmut/Pois      #####...     26%         5    None
 Agony                    Necr           #####...     38%         5    None
 Aura of Abjuration       Summ           #####.....   38%         5    None
 Dispel Undead            Necr           #####...     38%         5    None
 Excruciating Wounds      Chrm/Necr      #####.....   38%         5    None
 Summon Forest            Summ/Tloc      #####.....   38%         5    None
 Darkness                 Hex            ######....   41%         6    None
 Invisibility             Hex            ######..     41%         6    None
 Deflect Missiles         Chrm/Air       ######....   69%         6    None
 Hydra Form               Tmut           ######....   69%         6    None
 Fire Storm               Conj/Fire      #######...   92%         9    #####..
 Glaciate                 Conj/Ice       #######...   92%         9    #####..
 Ring of Flames           Chrm/Fire      #####.....   100%        7    None
 Summon Hydra             Summ           #####.....   100%        7    None
 Controlled Blink         Tloc           N/A          100%        8    ###....
 Tornado                  Air            ######....   100%        9    #####..
 Sublimation of Blood     Necr           Unusable     N/A         2    N/A

Dungeon Overview and Level Annotations

Branches:
Dungeon (15/15)            Temple (0/1) D:5            Lair (6/6) D:8
  Swamp (4/4) Lair:3       Spider (4/4) Lair:2        Slime (5/5) Lair:6
    Orc (2/2) D:12            Elf (3/3) Orc:2        Vaults (5/5) D:14
  Crypt (0/3) Vaults:2     Depths (5/5) D:15            Zot (4/5) Depths:5

Altars:
Cheibriados
Dithmenos
Gozag
Kikubaaqudgha
Makhleb
Nemelex Xobeh
Okawaru
Trog
Vehumet
Wu Jian
Xom
Yredelemnul
Zin
The Shining One
Beogh
Jiyva
Lugonu

Shops:
D:8 *   D:9 *   Orc:2 =*?:   Elf:2 =   Elf:3 [   Vaults:4 !

Portals:
Hell: Depths:1 Depths:2 Depths:3 Depths:4 Depths:5
Abyss: Depths:4
Pandemonium: Depths:2 Depths:3 Depths:4 Depths:5
Ziggurat: Depths:2

Annotations:
Slime:4 Dissolution
Elf:2 5 runed translucent doors


Innate Abilities, Weirdness & Mutations

You are resistant to torment.
Your stone body is resilient. (AC +20)
You are immune to poison.
Your large and strong wings let you fly indefinitely.
You resist negative energy. (rN+)
You are resistant to electric shocks. (rElec)
You can survive without breathing.
You are immune to petrification.
You are immune to rotting.
You have sharp toenails.
You are surrounded by a mild repulsion field. (EV +2)
Your magical capacity is low. (-10% MP)
You occasionally shout uncontrollably at your foes.


Message History

You feel the Orb delaying your translocation!
The black draconian annihilator roars!
The golden dragon misses you. The golden dragon closely misses you.
The golden dragon tramples you but does no damage.
The moth of wrath bites you but does no damage.
The electric golem hits you but does no damage. x3
The electric golem completely misses you.
The golden dragon completely misses you.
The golden dragon closely misses you.
The golden dragon tramples you but does no damage.
The moth of wrath misses you.
A moth of wrath comes into view.
The electric golem misses you.
The electric golem completely misses you.
The electric golem hits you but does no damage.
The electric golem completely misses you.
The Killer Klown strangle-hugs you with a +11 club of flaming!
* * * LOW HITPOINT WARNING * * *
The Killer Klown burns you.
You die...

*********######
,,,,,,,,,......###
,,,,,,,,,,y......#
***,,******#)..#.###
*,,* #.....#.## #
*,,* *.......##.#
*,,* *#y.p#...# *,,*
#.@8†..# ***,,*****
###DD.## ,,,,,,,,,**
#e....# ,,,,,,,,,,**
.#.......
********,,,** .#
##...## ** **,,,**.#
#..[..# ,*** **,,,##
#.q..## ,,,* **,,,**
#....## *,,**
**,,,** #..[.#


You could see a Killer Klown, an electric golem, 2 golden dragons, a black
draconian annihilator, 2 moths of wrath and a deep elf high priest.

Vanquished Creatures
  the Royal Jelly (Slime:5)
  An orb of fire (Zot:2)
  3 ancient liches
  Sojobo (Vaults:4)
  Boris (Vaults:5)
  Frederick (Vaults:4)
  3 Killer Klowns
  Xtahua (Vaults:3)
  Saint Roka (Depths:3)
  Jory (Vaults:3)
  8 golden dragons
  A profane servitor (Abyss:1)
  Nikola (Spider:3)
  The ghost of Ijustatesigmund the Hill Orc Aeon, an adept HOFi of Cheibriados (Elf:3)
  2 bone dragons
  2 electric golems
  4 liches
  Jorgrun (Spider:3)
  15 tentacled monstrosities
  3 deep elf blademasters (Elf:3)
  15 acid blobs
  4 deep elf master archers (Elf:3)
  5 quicksilver dragons
  4 titans
  9 death cobs
  4 tentacled starspawn
  7 sphinxes
  Kirke (Spider:1)
  3 shadow dragons
  2 thorn hunters (Swamp:3)
  Donald (Vaults:4)
  13 storm dragons
  9 tengu reavers
  4 draconian monks
  9 fire giants
  9 azure jellies
  The ghost of Zetait the Severer, a journeyman MiBe of Trog (Orc:1)
  7 deep elf sorcerers
  17 vault wardens
  16 frost giants
  3 orc warlords
  7 draconian knights
  Aizul (Vaults:3)
  5 iron dragons
  A draconian scorcher (Zot:2)
  5 draconian shifters
  10 ghost moths
  25 ironheart preservers
  8 deep elf elementalists
  A cacodemon (Elf:3)
  5 draconian stormcallers
  A ghoul (Vaults:4)
  12 emperor scorpions
  4 spriggan defenders
  5 draconian annihilators
  A war gargoyle (Vaults:5)
  34 very ugly things
  6 vampire knights
  6 green draconians
  16 stone giants
  7 entropy weavers
  6 deep elf demonologists
  A minotaur (Gauntlet)
  3 lorocyprocas
  Nessos (D:14)
  15 deep elf annihilators
  5 yellow draconians
  7 red draconians
  10 black draconians
  13 white draconians
  4 spark wasps
  11 purple draconians
  20 ettins
  9 deep elf death magi
  Snorg (Lair:6)
  7 death oozes
  2 green deaths (Swamp:4)
  2 merfolk javelineers (Depths:1)
  6 fire dragons
  Josephine (Lair:4)
  A merfolk impaler (Depths:4)
  7 great orbs of eyes
  The ghost of Jegg the Nimble, a journeyman OpFi of Cheibriados (Lair:3)
  6 deep elf high priests
  11 yaktaur captains
  28 vault guards
  A monstrous demonspawn (Depths:4)
  5 spriggan air magi
  A hell beast (Swamp:4)
  12 ice dragons
  8 rakshasas
  Fannar (Lair:3)
  15 hydras
  2 shambling mangroves
  16 centaur warriors
  An anaconda (shapeshifter) (D:11)
  The ghost of Arthanis the Cleaver, a journeyman GrBe of Trog (D:11)
  3 ghost crabs
  3 death knights
  17 ogre magi
  16 alligators
  42 two-headed ogres
  3 tengu warriors
  4 deep troll earth magi
  A queen ant (Spider:4)
  2 vampire magi
  15 dancing weapons
  11 thrashing horrors
  7 deep troll shamans
  A titan zombie (Abyss:3)
  Urug (Lair:3)
  A sun demon (Abyss:1)
  7 orc high priests
  21 deep elf knights
  14 hell knights
  4 wretched stars
  82 slime creatures
  A skeletal warrior (Vaults:4)
  Nergalle (Orc:1)
  A shadow wraith (Vaults:2)
  An iron troll (Depths:2)
  33 deep trolls
  6 unseen horrors
  7 swamp dragons
  6 glowing orange brains
  An infernal demonspawn (Depths:4)
  A flayed ghost (Vaults:4)
  A sixfirhy (Abyss:3)
  A deep troll (shapeshifter) (Vaults:2)
  A spriggan druid (Swamp:2)
  16 deep elf archers
  6 wizards
  An orange crystal statue (Vaults:2)
  2 phantasmal warriors (Depths:2)
  8 necromancers
  14 ironbrand convokers
  55 ugly things
  2 harpies (shapeshifter)
  A tengu zombie (Depths:2)
  23 orc knights
  3 shining eyes
  A manticore (D:11)
  58 deep elf magi
  2 wolf spider zombies
  A salamander (shapeshifter) (Vaults:5)
  A tengu skeleton (Vaults:3)
  3 oklob plants (Lair:4)
  3 human zombies (Vaults:1)
  13 orb spiders
  12 orc sorcerers
  3 salamanders (Depths:3)
  A sphinx skeleton (Depths:2)
  22 moths of wrath
  3 worldbinders (Abyss:3)
  8 cyclopes
  2 rust devils
  A manticore (shapeshifter) (Vaults:3)
  18 wolf spiders
  An elephant (shapeshifter) (Vaults:2)
  A guardian serpent (shapeshifter) (Vaults:2)
  A spectral centaur (D:11)
  5 elephants
  14 vault sentinels
  A frost giant skeleton (Vaults:3)
  3 black mambas (shapeshifter)
  2 gargoyles
  2 ice statues (IceCv)
  3 apocalypse crabs
  A water nymph (shapeshifter) (Gauntlet)
  4 smoke demons
  3 black mambas
  Joseph (D:7)
  2 eyes of devastation
  2 guardian serpents
  2 torpor snails (Lair:2)
  2 orange demons
  5 spectral swamp worms (Depths:4)
  A hellion (Abyss:3)
  A kobold demonologist (D:14)
  5 freezing wraiths
  35 spiny frogs
  A minotaur zombie (Gauntlet)
  2 rime drakes
  4 efreet
  A tormentor (Depths:4)
  6 komodo dragons
  2 hellwings (Abyss:3)
  5 ancient zymes
  11 demonic crawlers
  38 yaktaurs
  2 tengu conjurers
  9 ice devils
  3 polar bears
  A queen bee (shapeshifter) (Vaults:3)
  37 jumping spiders
  2 jumping spiders (shapeshifter)
  14 tyrant leeches
  14 trolls
  4 meliai
  A polar bear (shapeshifter) (Gauntlet)
  A queen bee (Spider:3)
  Prince Ribbit (D:7)
  Grinder (D:4)
  7 hornets
  A hornet (shapeshifter) (Depths:5)
  A dream sheep (shapeshifter) (Vaults:5)
  9 hippogriffs
  7 dream sheep (Lair:4)
  30 blink frogs
  14 raiju (Abyss:3)
  An ettin zombie (Vaults:3)
  A raiju (shapeshifter) (Vaults:5)
  12 bog bodies
  25 starcursed masses
  A centaur simulacrum (D:14)
  4 shadows
  A flying skull (Abyss:3)
  2 vampires
  2 ynoxinuls
  78 redbacks
  19 tarantellas
  11 water elementals
  An ice dragon skeleton (Vaults:1)
  9 wraiths
  2 air elementals
  16 humans
  4 basilisks
  4 chaos spawn
  2 golden eyes
  A wyvern (shapeshifter) (Gauntlet)
  3 fire elementals
  26 yaks
  4 hungry ghosts
  2 steam dragons
  A neqoxec (Depths:4)
  22 vampire mosquitoes
  A warg (shapeshifter) (Vaults:5)
  The ghost of Voker57 the Slasher, an amateur DsGl (D:3)
  9 wargs
  A naga (shapeshifter) (Vaults:4)
  28 soldier ants
  23 swamp worms
  7 insubstantial wisps
  23 large abominations
  An acid dragon (shapeshifter) (Vaults:2)
  A hell hound (Abyss:2)
  An acid dragon (D:14)
  13 water moccasins
  10 porcupines
  A porcupine (shapeshifter) (Elf:3)
  8 swamp drakes
  A water moccasin (shapeshifter) (Elf:3)
  60 orc warriors
  3 phantoms
  4 sky beasts
  2 black bears (shapeshifter)
  A black bear (Lair:5)
  6 eyes of draining
  2 sky beasts (shapeshifter)
  2 ice beasts
  16 boggarts
  An eye of draining (shapeshifter) (D:15)
  3 ettin simulacra (Depths:4)
  2 wolves (shapeshifter) (Elf:3)
  47 ogres
  A boggart (shapeshifter) (Elf:3)
  7 wolves
  19 centaurs
  3 crocodiles
  4 big kobolds
  34 bullfrogs
  2 human skeletons (Vaults:3)
  3 earth elementals
  4 gnoll sergeants (D:12)
  A yaktaur skeleton (Vaults:1)
  A water moccasin skeleton (D:9)
  4 scorpions
  8 small abominations
  A human simulacrum (Vaults:3)
  35 killer bees
  3 wights (Abyss:3)
  3 howler monkeys
  9 crimson imps
  7 electric eels
  13 hounds
  A quasit (Abyss:3)
  2 bullfrog zombies
  31 orc priests
  A water moccasin simulacrum (D:11)
  A bullfrog skeleton (D:11)
  4 centaur zombies
  Crazy Yiuf (D:7)
  3 jellies
  28 orc wizards
  4 centaur skeletons
  An iguana (D:9)
  6 iron imps
  24 worker ants
  3 bullfrog simulacra (D:11)
  A worker ant zombie (D:5)
  5 gnolls (D:12)
  An adder (shapeshifter) (Elf:3)
  11 adders
  6 shadow imps
  5 white imps
  13 ufetubi
  2 oozes
  An adder zombie (D:8)
  An adder skeleton (D:9)
  2 worms
  2 dart slugs
  6 leopard geckos
  115 orcs
  A giant cockroach (D:3)
  7 goblins
  5 hobgoblins
  11 jackals
  29 kobolds
  A quokka (D:10)
  10 bats
  4 frilled lizards
  2 quokka skeletons
  8 rats
  3 briar patches (Swamp:3)
  A fungus (Lair:4)
  A lurking horror (Abyss:3)
  A plant (Lair:4)
  2 starspawn tentacles (Abyss:1)
2582 creatures vanquished.

Vanquished Creatures (collateral kills)
  2 tentacled monstrosities (Vaults:5)
2 creatures vanquished.

Vanquished Creatures (others)
  A golden dragon (Zot:2)
  A draconian knight (Vaults:4)
  A reaper (IceCv)
  A deep elf knight (Elf:2)
  A deep elf archer (Elf:2)
  A deep elf mage (Elf:3)
  A jumping spider (Spider:1)
  2 humans (Spider:1)
  A centaur (D:11)
  A hound (D:8)
  A jelly (D:11)
  4 white imps (IceCv)
  3 ufetubi (IceCv)
  A giant cockroach (D:5)
  9 bushes (D:14)
  15 fungi
  A lurking horror (Abyss:3)
  61 plants
  6 starspawn tentacles (Abyss:3)
112 creatures vanquished.

Grand Total: 2696 creatures vanquished

Notes
Turn   | Place    | Note
-------+----------+-------------------------------------------
     0 | D:1      | tilp the Gargoyle Earth Elementalist began the quest for
                  | the Orb.
     0 | D:1      | Reached XP level 1. HP: 10/10 MP: 3/3
   115 | D:1      | Reached skill level 4 in Earth Magic
   251 | D:1      | Reached XP level 2. HP: 12/15 MP: 5/5
   882 | D:1      | Reached skill level 5 in Earth Magic
   882 | D:1      | Reached XP level 3. HP: 16/19 MP: 6/6
  1202 | D:1      | Learned a level 2 spell: Passwall
  1206 | D:1      | Learned a level 3 spell: Stone Arrow
  1389 | D:2      | Found an ornate altar of the Wu Jian Council.
  1390 | D:2      | Found a shadowy altar of Dithmenos.
  1390 | D:2      | Found a radiant altar of Vehumet.
  1391 | D:2      | Found an opulent altar of Gozag.
  1409 | D:2      | Became a worshipper of Vehumet
  1494 | D:2      | Reached XP level 4. HP: 24/24 MP: 2/7
  1808 | D:2      | Reached skill level 6 in Earth Magic
  2518 | D:3      | Reached skill level 1 in Shields
  2528 | D:3      | Reached skill level 1 in Fighting
  2619 | D:3      | Reached * piety under Vehumet
  2619 | D:3      | Offered knowledge of Freeze by Vehumet.
  2619 | D:3      | Noticed a big kobold
  2921 | D:3      | Found a runed translucent gate.
  2921 | D:3      | Found a runed translucent gate.
  2921 | D:3      | Found a runed translucent gate.
  2922 | D:3      | Noticed Voker57's ghost (amateur DsGl)
  3137 | D:3      | Reached XP level 5. HP: 30/30 MP: 1/8
  3525 | D:4      | Noticed Grinder
  3562 | D:4      | Noticed an ogre
  3874 | D:4      | Reached XP level 6. HP: 31/35 MP: 9/9
  3908 | D:4      | Found a snail-covered altar of Cheibriados.
  4174 | D:4      | Noticed a phantom
  4194 | D:4      | Killed a phantom
  4194 | D:4      | Reached skill level 5 in Shields
  4194 | D:4      | Reached XP level 7. HP: 26/40 MP: 1/10
  4469 | D:5      | Entered Level 5 of the Dungeon
  4589 | D:5      | You fall through a shaft for 2 floors!
  4590 | D:7      | Noticed Joseph
  4647 | D:7      | Noticed a hungry ghost
  4670 | D:7      | Killed a hungry ghost
  4788 | D:7      | Found a runed translucent door.
  4789 | D:7      | Noticed Crazy Yiuf
  4955 | D:5      | Noticed a steam dragon
  4974 | D:5      | Killed a steam dragon
  4985 | D:5      | Reached XP level 8. HP: 41/48 MP: 5/13
  5010 | D:5      | Found a staircase to the Ecumenical Temple.
  5541 | D:6      | Reached skill level 7 in Earth Magic
  5681 | D:6      | Reached skill level 8 in Earth Magic
  5726 | D:6      | Offered knowledge of Throw Frost by Vehumet.
  5727 | D:6      | Reached ** piety under Vehumet
  5829 | D:6      | Reached skill level 9 in Earth Magic
  6038 | D:6      | Learned a level 5 spell: Lee's Rapid Deconstruction
  6176 | D:7      | Reached skill level 10 in Earth Magic
  6176 | D:7      | Reached XP level 9. HP: 51/52 MP: 15/15
  6205 | D:7      | Killed Joseph
  6404 | D:7      | Found a burning altar of Makhleb.
  6406 | D:7      | Found a glowing silver altar of Zin.
  6407 | D:7      | Noticed an angel
  6416 | D:7      | Reached skill level 1 in Maces & Flails
  6421 | D:7      | Noticed a green death
  6585 | D:7      | Noticed Prince Ribbit
  6823 | D:7      | Learned a level 2 spell: Sticks to Snakes
  6827 | D:7      | Killed Crazy Yiuf
  6911 | D:8      | Found a shimmering altar of Xom.
  7011 | D:8      | Noticed a troll
  7085 | D:8      | Reached skill level 5 in Maces & Flails
  7456 | D:8      | Offered knowledge of Inner Flame by Vehumet.
  7696 | D:8      | Killed a troll
  7696 | D:8      | Reached XP level 10. HP: 60/60 MP: 11/16
  7750 | D:8      | Found a staircase to the Lair.
  7795 | D:8      | Found an iron altar of Okawaru.
  7795 | D:8      | Found a bloodstained altar of Trog.
  7800 | D:8      | Found an ancient bone altar of Kikubaaqudgha.
  7879 | D:8      | Found a faded altar of an unknown god.
  7881 | D:8      | Found a sparkling altar of Nemelex Xobeh.
  8027 | D:8      | Noticed a gargoyle
  8042 | D:8      | Reached *** piety under Vehumet
  8051 | D:8      | Killed a gargoyle
  8403 | D:8      | Found Voje's General Store.
  8410 | D:8      | Bought a scroll of noise for 16 gold pieces
  8468 | D:9      | Found Boxkal's Assorted Antiques.
  8473 | D:9      | Bought a scroll of identify for 46 gold pieces
  9027 | D:9      | Found a glowing golden altar of the Shining One.
  9426 | D:9      | Offered knowledge of Iskenderun's Mystic Blast by Vehumet.
  9572 | D:9      | Reached skill level 10 in Maces & Flails
 10007 | D:10     | Entered Level 10 of the Dungeon
 10009 | D:10     | Noticed Sonja
 10012 | D:10     | Noticed a cyclops
 10064 | Lair:1   | Entered Level 1 of the Lair of Beasts
 10069 | Lair:1   | Noticed a spiny frog
 10079 | Lair:1   | Killed a spiny frog
 10099 | Lair:1   | Found a dark tunnel.
 10110 | Volcano  | Entered a volcano
 10117 | Volcano  | Noticed a red ugly thing
 10122 | Volcano  | Noticed a red ugly thing
 10131 | Volcano  | Noticed an orc sorcerer
 10271 | Lair:1   | Noticed a black mamba
 10277 | Lair:1   | Killed a black mamba
 10306 | Lair:1   | Noticed a black mamba
 10318 | Lair:1   | Killed a black mamba
 10318 | Lair:1   | Reached XP level 11. HP: 64/64 MP: 15/17
 11237 | Lair:2   | Reached **** piety under Vehumet
 11530 | Lair:2   | Offered knowledge of Irradiate by Vehumet.
 11873 | Lair:2   | Reached skill level 5 in Spellcasting
 12646 | Lair:2   | Learned a level 5 spell: Irradiate
 12752 | Lair:2   | Reached XP level 12. HP: 73/73 MP: 23/23
 12754 | Lair:2   | Found a hole to the Spider Nest.
 13004 | Lair:3   | Reached skill level 1 in Conjurations
 13004 | Lair:3   | Reached skill level 1 in Transmutations
 13130 | Lair:3   | Found a gate leading to a gauntlet.
 13146 | Gauntlet | Entered a Gauntlet
 13146 | Gauntlet | Found a transporter.
 13146 | Gauntlet | Found a transporter.
 13146 | Gauntlet | Noticed a tengu warrior
 13147 | Gauntlet | Found a transporter.
 13155 | Gauntlet | Noticed a great orb of eyes
 13155 | Gauntlet | a slime creature changed into a great orb of eyes
 13162 | Gauntlet | Found a transporter.
 13168 | Gauntlet | Found a transporter.
 13170 | Gauntlet | Found a transporter.
 13189 | Gauntlet | Found a transporter.
 13190 | Gauntlet | Found a transporter.
 13190 | Gauntlet | Noticed a ghost crab
 13208 | Gauntlet | Found a transporter.
 13212 | Gauntlet | Found a transporter.
 13264 | Gauntlet | Found a transporter.
 13287 | Gauntlet | Found a transporter.
 13385 | Gauntlet | Reached skill level 1 in Evocations
 13439 | Gauntlet | Killed a ghost crab
 13514 | Gauntlet | Learned a level 3 spell: Conjure Flame
 13519 | Gauntlet | Learned a level 4 spell: Sticky Flame
 13528 | Gauntlet | Identified the amulet "Xuruil" {Gourm MR+ Int+4}
 13528 | Gauntlet | Noticed a minotaur
 13545 | Gauntlet | Killed a minotaur
 14008 | Lair:3   | Found a runed translucent door.
 14013 | Lair:3   | Noticed Jegg's ghost (journeyman OpFi)
 14160 | Lair:3   | Found a staircase to the Swamp.
 14169 | Lair:3   | Noticed Urug
 14179 | Lair:3   | Killed Urug
 14179 | Lair:3   | Reached skill level 5 in Evocations
 14508 | Lair:3   | Reached ***** piety under Vehumet
 14508 | Lair:3   | Offered knowledge of Bolt of Draining by Vehumet.
 14609 | Lair:3   | Noticed a six-headed hydra
 14622 | Lair:3   | Killed a six-headed hydra
 14734 | Lair:3   | Noticed Fannar
 14748 | Lair:3   | Killed Fannar
 14748 | Lair:3   | Reached skill level 10 in Fighting
 14891 | Lair:3   | You fall through a shaft for 3 floors!
 14891 | Lair:6   | Entered Level 6 of the Lair of Beasts
 14934 | Lair:6   | Reached XP level 13. HP: 28/83 MP: 12/25
 14940 | Lair:6   | Reached skill level 5 in Conjurations
 15356 | Lair:6   | Reached skill level 10 in Spellcasting
 15399 | Lair:6   | Noticed Snorg
 15555 | Lair:5   | Found a frozen archway.
 15584 | IceCv    | Entered an ice cave
 15850 | IceCv    | Killed a reaper
 16151 | IceCv    | Offered knowledge of Lightning Bolt by Vehumet.
 16456 | IceCv    | Learned a level 5 spell: Fireball
 18393 | Lair:4   | You fall through a shaft for 2 floors!
 18457 | Lair:4   | Gained mutation: Your large and strong wings let you fly
                  | indefinitely. [Gargoyle growth]
 18457 | Lair:4   | Reached XP level 14. HP: 88/90 MP: 28/28
 18977 | Lair:4   | Identified Vuqysyil's Grimoire of Space
 19171 | Lair:4   | Noticed Josephine
 19296 | Lair:4   | Killed Josephine
 19382 | Lair:4   | Identified a scroll of acquirement
 20552 | Lair:6   | HP: 3/92 [tyrant leech (10)]
 21084 | Lair:6   | Killed Snorg
 21474 | Lair:6   | Found a staircase to the Slime Pits.
 21476 | Lair:6   | Found a viscous altar of Jiyva.
 21820 | D:3      | Killed Voker57's ghost
 21880 | D:4      | Killed Grinder
 22068 | D:7      | Killed Prince Ribbit
 22233 | D:10     | Noticed Sonja
 22233 | D:10     | Sonja changed into Sonja the polar bear
 22240 | D:10     | Killed Sonja the polar bear
 22909 | D:10     | Reached skill level 11 in Earth Magic
 23236 | D:11     | Reached skill level 12 in Earth Magic
 23679 | D:11     | Found a runed translucent gate.
 23680 | D:11     | Noticed Arthanis's ghost (journeyman GrBe)
 23684 | D:11     | Found a runed translucent gate.
 23684 | D:11     | Found a runed translucent gate.
 23925 | D:11     | Identified the Almanac of Limited Liability
 24634 | D:12     | Reached skill level 13 in Earth Magic
 25241 | D:12     | Found a staircase to the Orcish Mines.
 25242 | D:12     | Offered knowledge of Spellforged Servitor by Vehumet.
 25263 | D:12     | Reached skill level 14 in Earth Magic
 25796 | Orc:1    | Entered Level 1 of the Orcish Mines
 25909 | Orc:1    | Reached XP level 15. HP: 24/96 MP: 21/29
 26130 | Orc:1    | Noticed Nergalle
 26142 | Orc:1    | Killed Nergalle
 26142 | Orc:1    | Reached skill level 15 in Earth Magic
 26176 | Orc:1    | Found a large runed translucent door.
 26184 | Orc:1    | Found a large runed translucent door.
 26205 | Orc:1    | Noticed Zetait's ghost (journeyman MiBe)
 26281 | Orc:2    | Entered Level 2 of the Orcish Mines
 26315 | Orc:2    | Learned a level 5 spell: Borgnjor's Vile Clutch
 26540 | Orc:2    | Reached skill level 16 in Earth Magic
 26888 | Orc:2    | Found a roughly hewn altar of Beogh.
 27225 | Orc:2    | Reached ****** piety under Vehumet
 27355 | Orc:2    | Offered knowledge of Orb of Destruction by Vehumet.
 27815 | Orc:2    | Found a staircase to the Elven Halls.
 27856 | Orc:2    | Identified the +3 chain mail "Ihoggosu" {rF++ Int+3}
 28128 | Orc:2    | Noticed an orc warlord
 28136 | Orc:2    | Killed an orc warlord
 28439 | Orc:2    | Found a roughly hewn altar of Beogh.
 28460 | Orc:2    | Found Kifreqim's Jewellery Shop.
 28631 | Orc:2    | Found Vomowau's Assorted Antiques.
 28666 | Orc:2    | Bought a steaming cloak for 266 gold pieces
 28666 | Orc:2    | Bought a heavily runed scale mail for 252 gold pieces
 28691 | Orc:2    | Identified the +4 scale mail "Doumnex" {rF+ rC+ Dex+4} (You
                  | bought it in a shop on level 2 of the Orcish Mines)
 28692 | Orc:2    | Identified the +1 cloak of Articulation {rElec rC+ SInv}
                  | (You bought it in a shop on level 2 of the Orcish Mines)
 28896 | Orc:2    | Found Vywaq Imunni's Magic Scroll Shop.
 29040 | Orc:2    | Found Ihextusaty's Book Boutique.
 29057 | Orc:2    | Bought a book of Minor Magic for 320 gold pieces
 29057 | Orc:2    | Bought a book of Cantrips for 320 gold pieces
 29067 | Orc:2    | Bought a scroll of magic mapping for 35 gold pieces
 29067 | Orc:2    | Bought a scroll of acquirement for 520 gold pieces
 29067 | Orc:2    | Bought a scroll of identify for 20 gold pieces
 29067 | Orc:2    | Bought a scroll of fear for 35 gold pieces
 29067 | Orc:2    | Bought a scroll of remove curse for 30 gold pieces
 29067 | Orc:2    | Bought a scroll of magic mapping for 35 gold pieces
 29067 | Orc:2    | Bought a scroll of identify for 20 gold pieces
 29070 | Orc:2    | Got a smoking buckler
 29081 | Orc:2    | Identified the +0 buckler of Dice, Bag, and Bottle {rElec
                  | MR- rCorr Slay+5} (You acquired it on level 2 of the Orcish
                  | Mines)
 29456 | Orc:2    | Learned a level 7 spell: Orb of Destruction
 30549 | D:13     | Offered knowledge of Ozocubu's Refrigeration by Vehumet.
 30785 | D:13     | Reached skill level 17 in Earth Magic
 30960 | D:14     | Found a gate to the Vaults.
 30960 | D:14     | Noticed Nessos
 31199 | D:14     | Reached skill level 18 in Earth Magic
 31205 | D:14     | Killed Nessos
 31225 | D:14     | Identified the cursed +1 chain mail "Puh Cuke" {rC+ Str+3}
                  | (You found it on level 14 of the Dungeon)
 31306 | D:14     | Reached XP level 16. HP: 99/101 MP: 32/32
 31474 | D:14     | Reached skill level 19 in Earth Magic
 31658 | D:14     | Reached skill level 1 in Armour
 31946 | D:14     | Learned a level 1 spell: Apportation
 31949 | D:14     | Learned a level 2 spell: Blink
 32574 | D:15     | Entered Level 15 of the Dungeon
 32877 | D:15     | Offered knowledge of Iron Shot by Vehumet.
 33040 | D:15     | Identified the +6 dire flail of Eternal Vigilance {crush,
                  | rPois Str+3 Stlth-} (You found it on level 15 of the
                  | Dungeon)
 33332 | D:15     | Reached skill level 10 in Conjurations
 33451 | D:15     | Found a staircase to the Depths.
 33909 | Orc:2    | Bought a scroll of brand weapon for 200 gold pieces
 33968 | Orc:2    | Bought a scroll of remove curse for 84 gold pieces
 33968 | Orc:2    | Bought a scroll of teleportation for 84 gold pieces
 33968 | Orc:2    | Bought a scroll of identify for 56 gold pieces
 33968 | Orc:2    | Bought a scroll of identify for 56 gold pieces
 34567 | D:11     | Killed Arthanis's ghost
 35297 | Lair:3   | Killed Jegg's ghost
 35412 | Spider:1 | Entered Level 1 of the Spider Nest
 35651 | Spider:1 | Noticed Kirke
 35959 | Spider:1 | Killed Kirke
 36258 | Spider:1 | Offered knowledge of Bolt of Cold by Vehumet.
 37426 | Spider:2 | Reached XP level 17. HP: 99/106 MP: 6/34
 37835 | Spider:2 | Learned a level 6 spell: Bolt of Cold
 38618 | Spider:3 | Noticed Nikola
 38623 | Spider:3 | Noticed Jorgrun
 38626 | Spider:3 | Killed Nikola
 39311 | Spider:3 | Offered knowledge of Lehudib's Crystal Spear by Vehumet.
 39311 | Spider:3 | Offered knowledge of Shatter by Vehumet.
 39311 | Spider:3 | Offered knowledge of Ignition by Vehumet.
 39651 | Spider:3 | Killed Jorgrun
 40479 | Spider:4 | Entered Level 4 of the Spider Nest
 40592 | Spider:4 | Reached skill level 15 in Spellcasting
 41542 | Spider:4 | Reached XP level 18. HP: 109/112 MP: 33/37
 42168 | Spider:4 | Reached skill level 15 in Conjurations
 42610 | Spider:4 | Got a gossamer rune of Zot
 42750 | Swamp:1  | Entered Level 1 of the Swamp
 45336 | Swamp:3  | Reached skill level 15 in Fighting
 45839 | Swamp:4  | Entered Level 4 of the Swamp
 45839 | Swamp:4  | Noticed a tentacled monstrosity
 45847 | Swamp:4  | Killed a tentacled monstrosity
 45847 | Swamp:4  | Reached skill level 5 in Armour
 45987 | Swamp:4  | Reached XP level 19. HP: 20/124 MP: 38/38
 47697 | Swamp:4  | Reached skill level 5 in Dodging
 47764 | Swamp:4  | HP: 2/124 [green death/poison arrow (12)]
 48188 | Swamp:4  | Got a decaying rune of Zot
 48554 | Vaults:1 | Entered Level 1 of the Vaults
 48945 | Vaults:1 | Cast into level 3 of the Abyss (a wizard)
 48947 | Abyss:3  | Found a corrupted altar of Lugonu.
 48985 | Vaults:1 | Escaped the Abyss
 49902 | Vaults:1 | Reached XP level 20. HP: 97/129 MP: 38/40
 51863 | Vaults:2 | Learned a level 8 spell: Lehudib's Crystal Spear
 51867 | Vaults:2 | Learned a level 3 spell: Regeneration
 52304 | Vaults:2 | Found a staircase to the Crypt.
 52304 | Vaults:2 | Found an ancient bone altar of Kikubaaqudgha.
 52305 | Vaults:2 | Found a basalt altar of Yredelemnul.
 52408 | Vaults:2 | Identified the +8 plate armour of Abretapt {Regen+ Dex+2
                  | Stlth-} (You found it on level 2 of the Vaults)
 52584 | Vaults:2 | Identified the +1 ring mail of the Catfish {MP+9} (You
                  | found it on level 2 of the Vaults)
 53239 | Vaults:3 | Paralysed by an ogre mage for 6 turns
 53905 | Vaults:3 | Noticed Xtahua
 53913 | Vaults:3 | Killed Xtahua
 54152 | Vaults:3 | Noticed Jory
 54163 | Vaults:3 | Killed Jory
 54163 | Vaults:3 | Reached XP level 21. HP: 60/140 MP: 12/43
 54433 | Vaults:3 | Noticed Aizul
 54439 | Vaults:3 | Killed Aizul
 55213 | Vaults:4 | Found Fubb's Distillery.
 56214 | Vaults:4 | Noticed Donald
 56291 | Vaults:4 | Killed Donald
 56745 | Vaults:4 | Noticed Frederick
 56765 | Vaults:4 | Noticed Sojobo
 56785 | Vaults:4 | Killed Frederick
 56804 | Vaults:4 | Killed Sojobo
 56804 | Vaults:4 | Reached skill level 20 in Earth Magic
 56804 | Vaults:4 | Reached XP level 22. HP: 49/152 MP: 18/44
 58122 | Depths:1 | Entered Level 1 of the Depths
 58141 | Depths:1 | Reached skill level 21 in Earth Magic
 58864 | Depths:1 | Found a gateway to Hell.
 59530 | Depths:2 | Found a sparkling altar of Nemelex Xobeh.
 59787 | Depths:2 | Noticed an ancient lich
 59818 | Depths:2 | Killed an ancient lich
 60237 | Depths:2 | Identified the amulet "Kowelyge" {Faith *Slow rElec Dex+6
                  | SInv}
 60317 | Depths:2 | Reached XP level 23. HP: 154/160 MP: 45/45
 60377 | Depths:2 | Got a scintillating silver ring
 60378 | Depths:2 | Identified the ring of Plog {rC- rN+ Str+7 Dex+6} (You
                  | found it on level 2 of the Depths)
 61412 | Depths:2 | Found a gateway to a ziggurat.
 61417 | Depths:2 | Found a one-way gate leading to the halls of Pandemonium.
 62378 | Depths:3 | Found an iron altar of Okawaru.
 62555 | Depths:3 | You are sucked into a shaft for 2 floors!
 62555 | Depths:5 | Entered Level 5 of the Depths
 62689 | Depths:5 | Paralysed by a sphinx for 7 turns
 63248 | Depths:3 | Noticed Saint Roka
 63258 | Depths:3 | Killed Saint Roka
 63725 | Depths:3 | Learned a level 9 spell: Shatter
 63752 | Depths:3 | Got a scorched marble ring
 63753 | Depths:3 | Identified the ring "Soil" {-Tele +Fly rC+ rN+ MR+++} (You
                  | found it on level 3 of the Depths)
 63991 | Depths:4 | Paralysed by a vampire knight for 5 turns
 64311 | Depths:4 | Found a corrupted altar of Lugonu.
 64312 | Depths:4 | Found a one-way gate to the infinite horrors of the Abyss.
 64571 | Depths:4 | Reached XP level 24. HP: 146/173 MP: 45/45
 66039 | Depths:5 | Found a gate to the Realm of Zot.
 66738 | Orc:2    | Bought 2 potions of resistance for 560 gold pieces
 66894 | Orc:2    | Bought a book of Power for 720 gold pieces
 66894 | Orc:2    | Bought a book of Party Tricks for 800 gold pieces
 67243 | Elf:1    | Entered Level 1 of the Elven Halls
 67480 | Elf:1    | Reached skill level 10 in Armour
 67507 | Elf:1    | Found a portal to a secret trove of treasure.
 68759 | Elf:2    | Reached skill level 10 in Evocations
 69036 | Elf:2    | Identified the +6 chain mail of Gravity {rF+} (You found it
                  | on level 2 of the Elven Halls)
 69162 | Elf:2    | Found Eloef's Jewellery Emporium.
 69359 | Elf:2    | Reached skill level 22 in Earth Magic
 69551 | Elf:2    | Found a huge runed translucent gate.
 69551 | Elf:2    | Found a huge runed translucent gate.
 69551 | Elf:2    | Found a huge runed translucent gate.
 69551 | Elf:2    | Found a huge runed translucent gate.
 69551 | Elf:2    | Found a huge runed translucent gate.
 69702 | Elf:3    | Entered Level 3 of the Elven Halls
 69794 | Elf:3    | Found a runed translucent door.
 69873 | Elf:3    | Found the +10 zealot's sword {holy, *Rage rN+ EV+3}
 69875 | Elf:3    | Identified the +2 robe of the Ecumenical Temple {rF+ rN+
                  | Int+2}
 70192 | Elf:3    | Found a runed translucent gate.
 70199 | Elf:3    | Found a runed translucent gate.
 70199 | Elf:3    | Found a runed translucent gate.
 70625 | Elf:3    | Gained mutation: Your magical capacity is low. (-10% MP) [a
                  | neqoxec]
 70876 | Elf:3    | Found Ellaeqyj's Antique Armour Shoppe.
 71581 | Elf:3    | Identified the ring of Cosch {+Blink SInv}
 71857 | Elf:3    | Reached XP level 25. HP: 166/179 MP: 28/40
 72098 | Elf:3    | Identified the cursed +0 chain mail "Beowoluv" {rF++ rC-
                  | Dex+2}
 72190 | Elf:3    | Identified the +4 whip "Maeluc" {freeze, rElec Int+2}
 72494 | Elf:3    | Reached skill level 23 in Earth Magic
 73174 | Elf:3    | Identified the Collected Works on Scorching Weightlessness
 73544 | Elf:3    | Found a runed translucent gate.
 73544 | Elf:3    | Found a runed translucent gate.
 73552 | Elf:3    | Found a runed translucent gate.
 73552 | Elf:3    | Noticed Ijustatesigmund's ghost (adept HOFi)
 73554 | Elf:3    | Reached XP level 26. HP: 149/184 MP: 40/40
 73632 | Elf:3    | Killed Ijustatesigmund's ghost
 73632 | Elf:3    | Reached skill level 24 in Earth Magic
 73868 | Elf:3    | Identified the +1 cloak of Ylomioz {*Contam rPois rF-
                  | rC+++} (You found it on level 3 of the Elven Halls)
 73935 | Elf:3    | Identified the +1 ring mail of Dureezxo {MR+ Regen+} (You
                  | found it on level 3 of the Elven Halls)
 74314 | D:9      | Bought a leatherbound book for 345 gold pieces
 74539 | Orc:1    | Killed Zetait's ghost
 74881 | Slime:1  | Entered Level 1 of the Pits of Slime
 75552 | Slime:3  | Learned a level 1 spell: Summon Butterflies
 75563 | Slime:2  | Learned a level 6 spell: Iron Shot
 75885 | Slime:5  | Entered Level 5 of the Pits of Slime
 76089 | Slime:5  | Gained mutation: You occasionally shout uncontrollably at
                  | your foes. [a shining eye]
 76101 | Slime:5  | Reached skill level 25 in Earth Magic
 76438 | Slime:4  | Gained mutation: You are surrounded by a mild repulsion
                  | field. (EV +2) [a shining eye]
 76608 | Slime:5  | Noticed the Royal Jelly
 76633 | Slime:5  | Found a viscous altar of Jiyva.
 76657 | Slime:5  | Identified the ring of the Messenger {rC+ Str+3 Int+2
                  | Stlth-} (You found it on level 5 of the Pits of Slime)
 76665 | Slime:5  | Identified the ring "Efu Ruack" {rElec rF+ rC+ rN+} (You
                  | found it on level 5 of the Pits of Slime)
 76709 | Slime:5  | Identified the Guide on Fetching Ignition
 76729 | Slime:5  | Identified the Almanac of Dislocated Flames
 76763 | Slime:5  | Got a slimy rune of Zot
 76823 | Slime:5  | Killed the Royal Jelly
 76981 | Slime:4  | Noticed Dissolution
 77673 | Elf:1    | You showed the slimy rune of Zot to enter a treasure trove
 77674 | Trove    | Entered a treasure trove
 77680 | Trove    | Found the +6 arbalest "Damnation" {damnation}
 77708 | Trove    | Got a twitching diamond amulet
 77709 | Trove    | Identified the amulet "Qihomani" {+Rage rF+ rC+ rN+ Int-4
                  | SInv} (You found it in a treasure trove)
 78403 | Depths:4 | Voluntarily entered the Abyss.
 78662 | Abyss:1  | Found a basalt altar of Yredelemnul.
 78794 | Abyss:1  | Reached skill level 26 in Earth Magic
 78794 | Abyss:1  | Reached XP level 27. HP: 190/190 MP: 40/40
 79379 | Abyss:3  | Found a corrupted altar of Lugonu.
 79812 | Abyss:3  | Paralysed by accursed screaming for 1 turns
 79852 | Abyss:3  | Got an abyssal rune of Zot
 79938 | Abyss:4  | Found a corrupted altar of Lugonu.
 79975 | Depths:4 | Escaped the Abyss
 80421 | Vaults:5 | Entered Level 5 of the Vaults
 80444 | Vaults:5 | Noticed Boris
 80464 | Vaults:5 | Killed Boris
 80482 | Vaults:5 | Got a silver rune of Zot
 80882 | Vaults:5 | Identified the Incunabulum of Enchanting Poisoning
 80885 | Vaults:5 | Identified the ring of Xom's Ringing Laughter {rC+ Str+3
                  | Int+2 Stlth+} (You found it on level 5 of the Vaults)
 80909 | Vaults:5 | Identified the +3 flail "Vies Jix" {venom, *Contam rF+
                  | Int+4 Stlth+}
 80966 | Vaults:5 | Noticed an ancient lich
 80971 | Vaults:5 | Killed an ancient lich
 81000 | Vaults:5 | Identified the +2 leather armour of the Lich-sworn {*Slow
                  | Str+2 Dex+7} (You found it on level 5 of the Vaults)
 81698 | Vaults:5 | Noticed an ancient lich
 81711 | Vaults:5 | Killed an ancient lich
 82805 | Zot:1    | Entered Level 1 of the Realm of Zot
 84596 | Depths:5 | Gained mutation: You have sharp toenails. [mutagenic glow]
 85699 | Zot:2    | Learned a level 5 spell: Silence
 85832 | Zot:2    | Noticed an orb of fire
 85847 | Zot:2    | Killed an orb of fire
 86012 | Zot:2    | Reached skill level 27 in Earth Magic
 86015 | Zot:2    | Reached skill level 1 in Hexes
 86587 | Zot:3    | Reached skill level 1 in Air Magic
 87842 | Zot:4    | Reached skill level 10 in Dodging
 87843 | Zot:4    | HP: 3/190 [golden dragon (31)]
 87848 | Zot:4    | HP: 1/190 [Killer Klown/+11 club of flaming (9)]
 87848 | Zot:4    | Slain by a Killer Klown

Levels and vault maps discovered:
D:1:      dpeg_arrival_concentric_ovals, layout_basic
D:2:      layout_loops_ring, chequers_temple_overflow_statue_of_worship,
          st_stairs_8, grunt_decor_resistance
D:3:      cheibrodos_thug_alley, layout_basic, ebering_ghost_rock_garden,
          kennysheep_doodads, minmay_misc_feat_iff
D:4:      layout_loops_ring, lemuel_doored_altar, first_ration,
          bh_walls_and_bars, uniq_grinder
D:5:      layout_cave_pools, minmay_temple_entry_sparse_star,
          grunt_ministairs_7, minmay_liquid_box, kennysheep_minor_cross,
          kennysheep_opposing_triangles
D:6:      layout_basic
D:7:      layout_loops_ring, grunt_temple_overflow_order_and_chaos_2,
          grunt_ogre_cave, uniq_joseph, uniq_crazy_yiuf_cottage,
          uniq_prince_ribbit1
D:8:      layout_loops_ring, lemuel_round_altar,
          chequers_temple_overflow_minitemple, erik_lair_island, serial_shops,
          shop, minmay_manual_moon
D:9:      layout_loops_corners, nicolae_overflow_crystal_walls, serial_shops,
          shop, st_stairs_6
D:10:     layout_basic, uniq_sonja
D:11:     minmay_cut_squares, layout_loops_cross, gammafunk_ghost_necromancy,
          minivault_27, hangedman_abyss_or_decor_stagger
D:12:     layout_cave_pods, kennysheep_orc_monster_closet_entryway,
          chequers_serial_rivers_marsh, chequers_serial_rivers_marsh
D:13:     layout_basic
D:14:     layout_loops_corners, david_vaults_3, serial_bayou_ford_a,
          minmay_hedge_maze
D:15:     gammafunk_enter_depths_forms, layout_loops_cross,
          minmay_misc_feat_roman, fake_guardian_serpent_vault
Lair:1:   layout_loops_ring, nicolae_volcano_entry_lava_flow,
          chequers_serial_rivers_room_a, grunt_megastairs_5
Lair:2:   layout_chaotic_city, spider_nest_entry_webs, worms_lemuel,
          grunt_megastairs_3, infiniplex_staircase_pool
Lair:3:   layout_chaotic_city, swamp_mist_pool, ebering_ghost_reflecting_pool,
          gauntlet_entry_generic, minmay_shattered_shrine, uniq_urug,
          uniq_fannar
Lair:4:   layout_gridlike, grunt_megastairs_4, infiniplex_staircase_pool_2,
          lemuel_fruit_tree, minmay_lair_oklob_chamber, uniq_josephine
Lair:5:   layout_regular_city, portal_ice_cave_entry_pillars_2
Lair:6:   minmay_lair_end_frog_pond, layout_misc_corridors, slime_altar_1,
          uniq_snorg
Swamp:1:  layout_falls_marsh, nicolae_swamp_very_dense_foliage
Swamp:2:  layout_basic_swamp, nicolae_swamp_trees_clearing, swamp_pool1
Swamp:3:  layout_basic_swamp, evilmike_swamp_ruin_house_5
Swamp:4:  swamp_vile, layout_basic_swamp, swamp_pool4
Spider:1: layout_spider_delve, uniq_kirke
Spider:2: nicolae_spider_hall_of_the_moth_king
Spider:3: layout_spider_delve, special_room [special_room_bee], uniq_jorgrun,
          uniq_nikola
Spider:4: grunt_spider_rune_circles, minivault_29
Slime:1:  cheibrodos_slime_lost_civilization_2, layout_caves
Slime:2:  layout_caves, cheibrodos_slime_lost_civilization_4
Slime:3:  layout_caves
Slime:4:  layout_caves, uniq_dissolution
Slime:5
Orc:1:    layout_caves, ebering_ghost_disaster_area, nicolae_orc_lava_room,
          uniq_nergalle
Orc:2:    pubby_orc_utopia, serial_shops
Elf:1:    minmay_elf_arrival_summoners, layout_loops_corners,
          nicolae_trove_entry_diagonal, hangedman_elf_represent
Elf:2:    layout_onion_city, serial_shops, shop
Elf:3:    nooodl_elf_gasket, layout_geoelf_octagon,
          ploomutoo_gammafunk_ghost_potion_laboratory, serial_shops, shop,
          minivault_13
Vaults:1: ontoclasm_vaults_shuriken, nicolae_vaults_network_quinsquares
          [nicolae_vaults_network_quincunx_subvault,
          nicolae_vaults_network_quincunx_subvault,
          nicolae_vaults_network_quincunx_subvault,
          nicolae_vaults_network_quincunx_subvault], nicolae_vaults_big_ls,
          hangedman_vaults_slice, hangedman_vaults_trim, st_diamondy, v_misc_27,
          vaults_dpeg_hooks, ontoclasm_vaults_eye, serial_ice_g, v_misc_25,
          serial_ice_m, nicolae_vaults_little_squares_6,
          grunt_vaults_hallway_long, layout_vaults_ring
Vaults:2: vaults_room_boxed, minmay_crypt_entry_necro_gods,
          vaults_room_door_hall, nicolae_vaults_little_squares_6,
          nicolae_vaults_network_star, vaults_room_pools,
          grunt_vaults_hallway_short, ontoclasm_vaults_idyll,
          nicolae_vaults_statue_guard, hangedman_vaults_impose,
          layout_vaults_omnigrid
Vaults:3: grunt_vaults_focal, grunt_vaults_hallway_long, vaults_room_octagon,
          vaults_room_fancy_cross, vaults_mumra_minichess,
          ontoclasm_vaults_echo, ontoclasm_vaults_misaligned,
          grunt_vaults_hallway_short, dpeg_vaults_monster_box,
          nicolae_vaults_what_the_h, nicolae_vaults_ring_of_whatevers,
          vaults_standard_mumra_lines, v_misc_10,
          nicolae_vaults_network_periphery, layout_vaults_omnibox, uniq_aizul,
          uniq_xtahua, uniq_jory
Vaults:4: v_pattern_5, nicolae_vaults_twisting_passages, vaults_mumra_hexcomb,
          nicolae_vaults_ninety_degrees, vaults_room_grid,
          hangedman_vaults_variations, grunt_vaults_funnel, vaults_room_hallway,
          sword_in_stone, ontoclasm_vaults_bender, layout_vaults_chaotic_city,
          serial_shops, shop, uniq_donald
Vaults:5: uniq_boris
Depths:1: layout_cave_pools, grunt_hell_entry_dis_mu, serial_co_window_serial,
          co_window_of_opportunity_a, co_window_paths_a, co_window_corner_a,
          co_window_paths_b, co_window_paths_b, co_window_of_opportunity_c,
          co_window_corner_cb, co_window_broadway_b, co_window_4corner_a,
          glass_columns_a, glass_columns_b, glass_columns_a, glass_columns_c,
          glass_columns_a, nrook_uturn, nrook_mini_vaults, minmay_orc_keep
Depths:2: minmay_the_grid_3x2 [minmay_the_grid_tree, minmay_the_grid_expand,
          minmay_the_grid_stretched_grid, minmay_the_grid_fan,
          minmay_the_grid_tri_star, minmay_the_grid_prize_diamond_cup],
          layout_gridlike, enter_ziggurat_e, pf_vacation_house_of_asmodeus,
          pan_entry, nemelex_xobeh_ov_fountains_minmay,
          kennysheep_generic_room_10
Depths:3: minmay_broken_ring, layout_cave_pools, kennysheep_flooded_box,
          pan_entry, hell_entry, kennysheep_two_boxes, uniq_saint_roka
Depths:4: hangedman_elemental_death_ray, layout_honeycomb,
          ebering_dispersal_statue_hall, pf_hell_entry_tar_river,
          grunt_pan_entry_spiral, abyss_entry_flame_altar, serial_bayou_shore_a,
          firewood_loft, infiniplex_staircase_split_hallway
Depths:5: grunt_twist_and_shout, layout_basic, hell_entry, pan_entry
Zot:1:    layout_basic
Zot:2:    layout_misc_corridors, hangedman_zot_wheel_spokes,
          grunt_ministairs_14, st_single_dragon_hoard_2,
          hangedman_player_shredder
Zot:3:    layout_gridlike
Zot:4:    hangedman_zot_vaults_quadrants, layout_concentric_octagons
Abyss:1
Abyss:2:  hangedman_abyss_shoalhut
Abyss:3:  evilmike_abyss_exit_chaos
Abyss:4:  evilmike_abyss_exit_10
Trove:    trove_simple
IceCv:    ice_cave_small_demon
Volcano:  volcano_caves
Gauntlet: gammafunk_gauntlet_shortcut [gammafunk_gauntlet_arena_split_x,
          gammafunk_gauntlet_arena_crates, nicolae_gauntlet_arena_quarters,
          gammafunk_gauntlet_arena_arrow_garden, nicolae_gauntlet_swirl,
          nicolae_gauntlet_arena_grate_2, gauntlet_exit_hidden_loot]

Skill      XL: |  1  2  3  4  5  6  7  8  9 10 11 12 13 14 15 16 17 18 19 20 21 22 23 24 25 26 27 |
---------------+----------------------------------------------------------------------------------+-----
Earth Magic    | 4 5 6 10 14 18 19 20 21 22 23 26 27 | 27.0
Shields        | 1 3 5 |  5.6
Fighting       | 1 2 4 6 8 10 11 12 15 17 20 21 24 | 24.2
Spellcasting   | 3 4 7 8 10 12 13 15 16 18 20 | 20.0
Maces & Flails | 6 11 12 | 12.0
Conjurations   | 4 8 10 13 15 17 18 24 | 24.0
Transmutations | 2 |  2.0
Evocations     | 5 8 11 12 | 12.0
Dodging        | 4 6 10 | 10.0
Armour         | 4 6 8 10 | 10.0
Hexes          | 4 |  4.0
Air Magic      | 4 |  4.0
Stealth        | |  2.1

Action                   |  1- 3 |  4- 6 |  7- 9 | 10-12 | 13-15 | 16-18 | 19-21 | 22-24 | 25-27 || total
-------------------------+-------+-------+-------+-------+-------+-------+-------+-------+-------++-------
Melee: Unarmed           |    17 |       |       |       |       |       |       |       |       ||    17
       Dagger            |    61 |   152 |       |       |       |       |       |       |       ||   213
       Whip              |       |    40 |   279 |   426 |   166 |       |       |       |       ||   911
       Demon whip        |       |       |       |       |  1167 |  1275 |  1119 |  1319 |  1631 ||  6511
Throw: Stone             |       |     1 |     1 |       |       |       |       |       |       ||     2
       Tomahawk          |       |       |     1 |     2 |     4 |     4 |       |     1 |       ||    12
 Cast: Sandblast         |    18 |    26 |    20 |   122 |    64 |       |       |       |       ||   250
       Stone Arrow       |     3 |    12 |    27 |    13 |    32 |    45 |    14 |     4 |     1 ||   151
       Lee's Rapid Decon |       |       |       |    35 |    54 |    89 |   106 |   107 |   177 ||   568
       Sticky Flame      |       |       |       |     6 |    27 |       |       |       |       ||    33
       Conjure Flame     |       |       |       |     3 |    18 |       |       |       |       ||    21
       Irradiate         |       |       |       |     2 |     4 |    10 |     2 |     4 |    20 ||    42
       Sticks to Snakes  |       |       |       |     1 |       |       |       |       |       ||     1
       Fireball          |       |       |       |       |    35 |    43 |    19 |    24 |    15 ||   136
       Borgnjor's Vile C |       |       |       |       |    25 |    55 |    55 |    47 |    32 ||   214
       Orb of Destructio |       |       |       |       |       |     7 |     3 |       |       ||    10
       Bolt of Cold      |       |       |       |       |       |     1 |     9 |    24 |     1 ||    35
       Lehudib's Crystal |       |       |       |       |       |       |     8 |    25 |    32 ||    65
       Regeneration      |       |       |       |       |       |       |     2 |    21 |    36 ||    59
       Apportation       |       |       |       |       |       |       |       |     1 |     3 ||     4
       Iron Shot         |       |       |       |       |       |       |       |       |   126 ||   126
       Summon Butterflie |       |       |       |       |       |       |       |       |     3 ||     3
       Shatter           |       |       |       |       |       |       |       |       |     6 ||     6
 Abil: Fly               |       |       |       |       |     1 |     1 |       |       |       ||     2
       Stop Flying       |       |       |       |       |       |     1 |       |       |       ||     1
Evoke: Wand              |       |       |     1 |     3 |     1 |     1 |       |       |       ||     6
       Sack of spiders   |       |       |       |       |       |       |       |     2 |       ||     2
       Box of beasts     |       |       |       |       |       |       |       |       |     2 ||     2
  Use: Scroll            |     1 |     1 |     6 |    21 |    25 |     6 |     8 |    12 |    24 ||   104
       Potion            |       |       |       |     6 |     1 |     2 |     6 |     1 |    13 ||    29
 Stab: Sleeping          |     4 |     4 |     2 |     5 |     3 |       |       |     1 |       ||    19
       Distracted        |       |       |       |       |     1 |       |       |       |     2 ||     3
       Held in net/web   |       |       |       |       |       |     8 |       |       |       ||     8
  Eat: Chunk             |     2 |    11 |    12 |    29 |    64 |    48 |    37 |    47 |    54 ||   304
       Ration            |       |       |     2 |     3 |       |     1 |       |     1 |     3 ||    10
Armor: Robe              |    39 |       |       |       |   152 |       |       |       |       ||   191
       Leather armour    |     3 |    87 |   142 |   183 |    28 |       |       |       |       ||   443
       Troll leather arm |       |       |       |       |   218 |       |       |       |       ||   218
       Scale mail        |       |       |       |       |    42 |   910 |   492 |   485 |   828 ||  2757
Dodge: Dodged            |    68 |   111 |   178 |   160 |   538 |   491 |   366 |   468 |   732 ||  3112
Block: Buckler           |       |       |    49 |    93 |   222 |   292 |   200 |   215 |   284 ||  1355
       Reflection        |       |       |       |       |     3 |       |       |       |       ||     3

Table legend:
 A = Non-vault XP
 B = Vault XP
 C = Vault XP percentage of total XP
 D = Non-vault monster count
 E = Vault monster count
 F = Vault count percentage of total count
                 A         B        C        D         E       F
            +---------+---------+-------+---------+---------+-------
      Total |  858144 |  759472 |  47.0 |    1546 |    1029 |  40.0
            +---------+---------+-------+---------+---------+-------
        D:1 |      40 |       0 |   0.0 |      24 |       0 |   0.0
        D:2 |      72 |       2 |   2.7 |      14 |       1 |   6.7
        D:3 |     116 |     182 |  61.1 |      15 |      10 |  40.0
        D:4 |     383 |     281 |  42.3 |       8 |       1 |  11.1
        D:5 |     456 |      99 |  17.8 |       9 |       5 |  35.7
        D:6 |     719 |       0 |   0.0 |      18 |       0 |   0.0
        D:7 |     657 |     878 |  57.2 |      15 |       4 |  21.1
        D:8 |    1583 |    1599 |  50.3 |      26 |      12 |  31.6
        D:9 |    2157 |      79 |   3.5 |      32 |       3 |   8.6
       D:10 |    2085 |     301 |  12.6 |      21 |       1 |   4.5
       D:11 |    5316 |    4712 |  47.0 |      36 |      15 |  29.4
       D:12 |    3134 |    1663 |  34.7 |       8 |      20 |  71.4
       D:13 |    6102 |     200 |   3.2 |      24 |       1 |   4.0
       D:14 |   13244 |    6126 |  31.6 |      34 |      19 |  35.8
       D:15 |   11022 |    5510 |  33.3 |      35 |      11 |  23.9
     Lair:1 |    1545 |     452 |  22.6 |       6 |       1 |  14.3
     Lair:2 |    6269 |    3463 |  35.6 |      24 |      15 |  38.5
     Lair:3 |    3064 |    6647 |  68.4 |      16 |      13 |  44.8
     Lair:4 |    4417 |    5658 |  56.2 |      17 |      17 |  50.0
     Lair:5 |    7438 |       0 |   0.0 |      27 |       0 |   0.0
     Lair:6 |    3673 |   13386 |  78.5 |      11 |      50 |  82.0
    Swamp:1 |   14513 |       0 |   0.0 |      38 |       0 |   0.0
    Swamp:2 |   10634 |       0 |   0.0 |      25 |       0 |   0.0
    Swamp:3 |   18525 |       0 |   0.0 |      40 |       0 |   0.0
    Swamp:4 |   14607 |   19426 |  57.1 |      27 |      31 |  53.4
   Spider:1 |   10973 |    2117 |  16.2 |      34 |       1 |   2.9
   Spider:2 |   17377 |    6025 |  25.7 |      43 |      17 |  28.3
   Spider:3 |   13997 |    8866 |  38.8 |      36 |      22 |  37.9
   Spider:4 |   15910 |   31679 |  66.6 |      32 |      84 |  72.4
    Slime:1 |   11955 |       0 |   0.0 |      26 |       0 |   0.0
    Slime:2 |    6131 |       0 |   0.0 |       5 |       0 |   0.0
    Slime:3 |    2697 |       0 |   0.0 |       3 |       0 |   0.0
    Slime:4 |   11542 |       0 |   0.0 |      15 |       0 |   0.0
    Slime:5 |   15144 |   24379 |  61.7 |      20 |       9 |  31.0
      Orc:1 |    3398 |    2664 |  43.9 |      31 |       2 |   6.1
      Orc:2 |       0 |   23010 | 100.0 |       0 |     154 | 100.0
      Elf:1 |    6276 |    9778 |  60.9 |      11 |      15 |  57.7
      Elf:2 |   20023 |     886 |   4.2 |      30 |       1 |   3.2
      Elf:3 |   19968 |   81998 |  80.4 |      28 |      67 |  70.5
   Vaults:1 |   32301 |   30941 |  48.9 |      61 |      39 |  39.0
   Vaults:2 |   23054 |   14818 |  39.1 |      40 |      24 |  37.5
   Vaults:3 |   25506 |   43147 |  62.8 |      41 |      53 |  56.4
   Vaults:4 |   46812 |   54299 |  53.7 |      69 |      41 |  37.3
   Vaults:5 |   21595 |  151004 |  87.5 |      25 |      95 |  79.2
   Depths:1 |   23682 |    7958 |  25.2 |      31 |       9 |  22.5
   Depths:2 |   50888 |   30324 |  37.3 |      63 |      19 |  23.2
   Depths:3 |   37793 |   16338 |  30.2 |      41 |      21 |  33.9
   Depths:4 |   23881 |   12391 |  34.2 |      28 |      31 |  52.5
   Depths:5 |   45462 |   22990 |  33.6 |      44 |      13 |  22.8
      Zot:1 |   75076 |    5190 |   6.5 |      45 |       1 |   2.2
      Zot:2 |   45010 |   58186 |  56.4 |      26 |      24 |  48.0
      Zot:3 |   33155 |   17617 |  34.7 |      25 |      10 |  28.6
      Zot:4 |   20111 |   18635 |  48.1 |       9 |      12 |  57.1
    Abyss:1 |   24902 |       0 |   0.0 |      36 |       0 |   0.0
    Abyss:2 |     243 |       0 |   0.0 |       2 |       0 |   0.0
    Abyss:3 |   41511 |    6398 |  13.4 |      96 |       6 |   5.9
      IceCv |       0 |    3674 | 100.0 |       0 |      23 | 100.0
   Gauntlet |       0 |    3496 | 100.0 |       0 |       6 | 100.0
            +---------+---------+-------+---------+---------+-------
